 Dungeon Crawl Stone Soup version 0.22-a0-443-g17c3723 (webtiles) character file.

529 Gorglomux the Covered (level 7, -2/44 HPs)
             Began as a Gargoyle Fighter on June 1, 2018.
             Slain by a thrashing horror (4 damage)
             ... on level 1 of the Abyss.
             The game lasted 00:01:31 (2185 turns).

Gorglomux the Covered (Gargoyle Fighter)            Turns: 2185, Time: 00:01:32

Health: -2/44      AC: 12    Str: 26    XL:     7   Next: 24%
Magic:  7/7        EV:  8    Int:  9    God:
Gold:   134        SH: 10    Dex:  9    Spells: 6/6 levels left

rFire    . . .     SeeInvis .   a - +0 war axe
rCold    . . .     Gourm    .   c - +0 shield
rNeg     + . .     Faith    .   b - +0 scale mail
rPois    ∞         Spirit   .   (no helmet)
rElec    +         Reflect  .   (no cloak)
rCorr    .         Harm     .   (no gloves)
MR       .....     Rnd*Tele +   (no boots)
Stlth    ..........             (no amulet)
HPRegen  0.14/turn              t - ring of teleportation (curse)
MPRegen  0.10/turn              (no ring)

@: mighty, very slightly contaminated, invisible
A: negative energy resistance 1, electricity resistance, unbreathing,
petrification resistance, rot immunity, AC +4
a: no special abilities


You were on level 1 of the Abyss.
You were near starving.

You visited 1 branch of the dungeon, and saw 4 of its levels.
You visited the Abyss 1 time.

You collected 134 gold pieces.

Inventory:

Hand Weapons
 a - a +0 war axe (weapon)
Missiles
 Z - a throwing net (quivered)
Armour
 b - a +0 scale mail (worn)
 c - a +0 shield (worn)
Jewellery
 t - a cursed ring of teleportation (left hand)
Scrolls
 g - a scroll of identify {unknown}
 h - 4 scrolls of teleportation {unknown}
 j - 2 scrolls of magic mapping {unknown}
 m - 2 scrolls of amnesia {unknown}
Potions
 d - a potion of might
 i - 2 potions of lignification
Comestibles
 f - 10 rations


   Skills:
 + Level 5.2 Fighting
 + Level 3.7 Axes
 + Level 5.2 Armour
 + Level 5.2 Shields


You had 6 spell levels left.
You didn't know any spells.
Your spell library contained the following spells:

 Spells                   Type           Power        Failure   Level  Hunger
 Death's Door             Chrm/Necr      #.........   100%        8    #######
 Haunt                    Necr/Summ      #.........   100%        7    #######
 Borgnjor's Revivificati  Necr           #.........   100%        8    #######
 Necromutation            Tmut/Necr      #.........   100%        8    #######
 Infestation              Necr           #.........   100%        8    #######


Dungeon Overview and Level Annotations

Branches:
Dungeon (4/15)
 Temple: D:4-7

Altars:
The Shining One


Innate Abilities, Weirdness & Mutations

You are resistant to torment.
Your stone body is resilient. (AC +4)
You are immune to poison.
You resist negative energy. (rN+)
You are resistant to electric shocks. (rElec)
You can survive without breathing.
You are immune to petrification.
You are immune to rotting.


Message History

The thrashing horror tramples you but does no damage! x2
You swing at nothing!
You block the thrashing horror'butts attack!
You block the thrashing horror's attack!
You swing at nothing!
The thrashing horror roars!!!
The thrashing horror tramples you! * * * don't die
* * * The thrashing horror tramples you but does no damage!
The thrashing horror tramples butt but does no damage! x2
You barely miss the thrashing horror!
The thrashing horror tramples you! * * * don't die
* * * You block the thrashing horror's attack!
You swing at nothing!
You slice the thrashing horror like a ripe choko!!!
The thrashing horror is heavily damaged!
You feel less wooden!
Your +0 scale mail butts from your body!
The thrashing horror tramples you! rip

. .. ##. ##.# .
?.#. ....## .#
#...# .#.. #.##
..#......§##...#
.# ...##.... ##
..
#.#.#.X..#.#..
..#...#. ##@..#.
. ...
#...#...#.....#
.....
#...#..[..(##
#...#...#...##
...# ..#..###..
. .# ..# ..#
..### ... #..
..## .
#...#...#.. ...
..#. #


You could see a thrashing horror.

Vanquished Creatures
  The ghost of Totori the Cutter, an amateur DsEn of Dithmenos (D:3)
  An ogre (D:4)
  An orc priest (D:4)
  An orc wizard (D:2)
  A bullfrog skeleton (D:4)
  Jessica (D:3)
  4 gnolls (D:3)
  5 adders
  A howler monkey skeleton (D:4)
  2 oozes
  A leopard gecko (D:3)
  An orc (D:4)
  4 giant cockroaches
  5 goblins
  2 hobgoblins (D:3)
  2 quokkas
  9 bats
  4 frilled lizards
  7 kobolds
  A leopard gecko skeleton (D:4)
  10 rats
64 creatures vanquished.

Notes
Turn   | Place    | Note
-------+----------+-------------------------------------------
     0 | D:1      | Gorglomux the Gargoyle Fighter began the quest for the Orb.
     0 | D:1      | Reached XP level 1. HP: 14/14 MP: 1/1
   167 | D:1      | Reached XP level 2. HP: 16/19 MP: 2/2
   403 | D:2      | Reached XP level 3. HP: 23/23 MP: 3/3
   772 | D:2      | Reached XP level 4. HP: 29/29 MP: 4/4
   924 | D:3      | Noticed Jessica
   930 | D:3      | Killed Jessica
   930 | D:3      | Reached XP level 5. HP: 33/33 MP: 5/5
  1112 | D:3      | Found a glowing golden altar of the Shining One.
  1117 | D:3      | Noticed Totori's ghost (amateur DsEn)
  1144 | D:3      | Killed Totori's ghost
  1144 | D:3      | Reached skill level 3 in Axes
  1144 | D:3      | Reached XP level 6. HP: 16/39 MP: 6/6
  2117 | D:4      | Reached XP level 7. HP: 37/44 MP: 7/7
  2134 | D:4      | Cast into level 1 of the Abyss (orc wizard)
  2154 | Abyss:1  | Noticed a thrashing horror
  2183 | Abyss:1  | HP: 3/66 [thrashing horror (2)]
  2185 | Abyss:1  | Slain by a thrashing horror

Vault maps used:
D:1:      minmay_arrival_nine_rooms, minivault_4, hangedman_decor_peaks_small,
          feat_on_display
D:2:      kennysheep_generic_room_9
D:3:      cheibrodos_helix_gallery, lemuel_doored_altar, dk_vineyard_1,
          item_on_display_a, uniq_jessica
D:4:      serial_shops, nicolae_shop_statue_plus, first_ration, hex_large,
          minmay_misc_feat_tower, minmay_misc_feat_doors, uniq_purgy,
          uniq_eustachio

Skill      XL: |  1  2  3  4  5  6 |
---------------+-------------------+-----
Axes           | 2 3 |  3.7
Fighting       | 4 5 |  5.2
Armour         | 4 5 |  5.2
Shields        | 4 5 |  5.2

Action                   |  1- 3 |  4- 6 |  7- 9 || total
-------------------------+-------+-------+-------++-------
Melee: War axe           |   104 |   126 |    13 ||   243
Throw: Throwing net      |       |     1 |       ||     1
  Use: Potion            |       |       |     5 ||     5
  Eat: Chunk             |       |     3 |       ||     3
Armor: Scale mail        |    84 |    63 |     1 ||   148
       Skin              |       |       |    28 ||    28
Dodge: Dodged            |    46 |    43 |     2 ||    91
Block: Shield            |   100 |    58 |    18 ||   176

Table legend:
 A = Spawn XP
 B = Non-spawn XP
 C = Spawn XP percentage of total XP
 D = Spawn monster count
 E = Non-spawn monster count
 F = Spawn count percentage of total count
 G = Total turns spent on level
                    A         B        C        D         E        F      G
               +---------+---------+-------+---------+---------+-------+---------
         Total |       0 |     757 |   0.0 |       0 |      64 |   0.0 |  2185
               +---------+---------+-------+---------+---------+-------+---------
           D:1 |       0 |      24 |   0.0 |       0 |      16 |   0.0 |   389
           D:2 |       0 |     101 |   0.0 |       0 |      19 |   0.0 |   531
           D:3 |       0 |     417 |   0.0 |       0 |      22 |   0.0 |  1168
           D:4 |       0 |     215 |   0.0 |       0 |       7 |   0.0 |    46
               +---------+---------+-------+---------+---------+-------+---------
